[Event "Cattolica Chess Festival 2022"]
[Site "Cattolica"]
[Date "2022.06.04"]
[Round "1.1"]
[White "Mohamed Anees M"]
[Black "Bernadskiy, Vitaliy"]
[Result "0-1"]
[ECO "B96"]
[WhiteElo "2209"]
[BlackElo "2636"]
[Annotator "TA"]
[PlyCount "164"]
[EventDate "2022.06.04"]
[EventCountry "ITA"]
[SourceTitle "playchess.com"]
[Source "ChessBase"]
[SourceQuality "1"]
[TimeControl "5400+30"]

1. e4 c5 2. Nf3 d6 3. d4 cxd4 4. Nxd4 Nf6 5. Nc3 a6 6. Bg5 e6 7. f4 h6 8. Bh4 Nbd7 {[%emt 0:00:17] B96: Sicilian Najdorf: 6 Bg5 e6 7 f4, lines other than 7...Qb6 and 7...Be7.} 9. Qe2 e5 10. fxe5 dxe5 {[%emt 0:00:25] The position is equal.} 11. O-O-O {[%emt 0:04:59][%cal Oc3d5] [#] And now Nd5! would win.} (11. Nf5 $5 ) 11... g5 $146 {[%emt 0:01:27] [#]} (11... exd4 $11 12. e5 Be7 13. exf6 Nxf6 14. Bxf6 gxf6) ({Predecessor:} 11... exd4 12. e5 Be7 13. exf6 Nxf6 14. Bxf6 gxf6 15. g3 Be6 16. Bg2 Rc8 17. Nd5 Qa5 18. Nxe7 Kxe7 {1-0 (24) Vetter,G (2394)-Strengell,O (2366) ICCF email 2010}) 12. Bg3 $1 exd4 13. e5 $1 Nh7 (13... Ng8 $16) 14. e6 $1 $18 Ndf6 {[%emt 0:19:37] [#]} 15. Nb5 $1 Be7 16. Rxd4 (16. Nc7+ $6 Kf8 $14) 16... Qb6 (16... Qa5 17. Nc7+ Kf8) 17. Nc7+ $1 Kf8 18. Qf2 (18. Qe5 $142) 18... Qa7 (18... Bc5 {was necessary.} 19. Nxa8 Qxe6) 19. Nxa8 Qxa8 20. Bc4 (20. exf7 $18 {and the rest is easy.} b5 21. Bd3) 20... Bxe6 $16 21. Bxe6 fxe6 22. h4 (22. Qe2 $16 Kg7 23. Qxe6) 22... Kg7 {[%emt 0:04:28] Strongly threatening ...Bc5.} 23. hxg5 hxg5 {[%emt 0:00:04] White must now prevent ...Bc5.} 24. Be5 {[%emt 0:01:11] Hoping for Rd7.} Qe8 {[%emt 0:00:40] Prevents Rd7.} (24... Rd8 $1 $14) 25. Rc4 $36 {[%emt 0:05:35][%mdl 2048] White has strong initiative.} Qb5 26. Rc7 ({Better is} 26. Qe2 $1 $16 {a4 is the strong threat.} Nf8 27. Rxh8 Kxh8 28. a4 (28. Qh5+ Kg8 $11)) 26... Qxe5 $11 27. Rxe7+ Kg6 $1 28. Kb1 (28. Rxb7 $5 Qf4+ 29. Qxf4 gxf4 30. Re7 $11) 28... Rf8 $2 (28... Rd8 $11 29. a3 (29. Rxb7 Qd5 $11) 29... Nf8) 29. Qf3 $18 (29. Rxb7 $6 Nh5 30. Qe1 (30. Qd2 N7f6 $11) 30... Qxe1+ 31. Rxe1 Nf4 $11) 29... Qf5 30. Qxb7 Nh5 {[%emt 0:00:50][%cal Of5f1] Against Rg7+} 31. a3 (31. Rxh7 $2 Qf1+ $3 32. Rxf1 Rxf1#) (31. Qxa6 $142 {[%cal Oe7h7] Threatens to win with Rxh7!} N7f6 32. Rxe6 (32. Qxe6 Qxe6 33. Rxe6 Nf4 $16)) 31... N7f6 $16 32. Re1 Qb5 33. g4 (33. Qxb5 $14 axb5 34. Rb7 (34. R1xe6 Nf4 $11)) 33... Nxg4 $11 34. R7xe6+ Rf6 {[%emt 0:02:40] Chess con chili.} 35. Qc8 Rxe6 36. Qxe6+ Nhf6 37. Rg1 (37. c4 $11 {keeps the balance.} Qf5+ 38. Qxf5+ Kxf5 39. Rf1+ Ke6 40. Rg1) 37... Nf2 ({Reject} 37... Qf5 38. Qxa6 Nf2 39. Qf1 $11) (37... Ne5 $17) 38. Qe3 (38. b4 $15) 38... N2e4 $17 {[%emt 0:00:00] Black is more active.} 39. Qd3 $2 (39. Qe1 $17) 39... Qxd3 $19 40. cxd3 {[%emt 0:00:00] [#]} Nd2+ 41. Kc2 Nf3 42. Rg3 Nd4+ 43. Kd2 g4 {[%emt 0:00:00] aiming for ...Kg5.} 44. Rg2 Nf3+ 45. Kc3 $2 (45. Ke3 Kf5 46. Rc2) 45... Nd5+ 46. Kb3 Ne3 47. Rg3 Kf5 48. Ka4 Kf4 49. Rxg4+ Nxg4 50. Ka5 Nd4 51. Kxa6 Ke5 52. Kb7 Kd6 53. b4 Ne5 54. a4 Nec6 55. a5 Nb5 56. Kb6 Nca7 57. Kb7 Kd5 58. Kb6 Kd4 59. a6 Kd5 60. Ka5 Ke5 ({Not} 60... Kc6 61. d4 $15) 61. Ka4 Kd4 62. Kb3 Kxd3 63. Kb2 Nc6 64. a7 Ncxa7 65. Kc1 Ke2 66. Kc2 Nc8 67. Kb3 Nb6 68. Kc2 Ke3 69. Kd1 Nc4 70. Kc2 Nd2 71. Kd1 Nf3 72. Kc2 Nfd4+ 73. Kd1 Ne2 74. Kc2 Nec3 {[%emt 0:00:11] ( -> ...Ke2)} 75. Kb2 Kd2 {[%emt 0:00:36] Black mates.} 76. Kb3 Kd3 77. Kb2 Nd5 78. Kb3 Nb6 79. Kb2 Kd2 80. Kb1 Nc4 81. Ka2 Kc2 82. Ka1 Nc3 {[%emt 0:00:04] Both players deserved the win here.  Weighted Error Value: White=0.39/Black=0.29 (precise)} 0-1

[Event "Cattolica Chess Festival 2022"]
[Site "Cattolica"]
[Date "2022.06.04"]
[Round "1.2"]
[White "Pantsulaia, Levan"]
[Black "Bin-Suhayl, Ieysaa"]
[Result "1-0"]
[ECO "A09"]
[WhiteElo "2587"]
[BlackElo "2255"]
[Annotator "TA"]
[PlyCount "129"]
[EventDate "2022.06.04"]
[EventCountry "ITA"]
[SourceTitle "playchess.com"]
[Source "ChessBase"]
[SourceQuality "1"]
[TimeControl "5400+30"]

1. Nf3 d5 2. c4 d4 3. g3 c5 4. e3 Nc6 5. exd4 cxd4 6. Bg2 {[%emt 0:00:14] A09: Réti Opening: 1 Nf3 d5 2 c4.} Nf6 7. O-O Nd7 8. d3 (8. b4 $142) 8... e5 $11 9. Re1 Be7 10. Na3 O-O 11. Nc2 a5 {[%emt 0:01:31] Inhibits b4.} 12. Rb1 Re8 13. a3 a4 $1 14. Bd2 {[%emt 0:00:41] [#]} Bd6 $146 (14... f6 $15) ({Predecessor:} 14... Bf6 15. Bb4 Ndb8 16. Nd2 Na6 17. Ne4 Be7 18. Bxe7 Rxe7 19. Qd2 Bf5 20. f4 h6 21. fxe5 Nxe5 {0-1 (42) Ikeda,J (2438)-Kuybokarov,T (2523) Sydney 2020}) 15. Bb4 (15. Ng5 $11 Nf6 16. Ne4) 15... Nc5 16. Bxc5 Bxc5 17. Nd2 Na5 18. b4 axb3 $1 19. Nxb3 Nxb3 20. Rxb3 Ra7 21. Bd5 b6 22. Qf3 Qc7 23. Reb1 (23. Nb4 {keeps more tension.} Rxa3 24. Rxa3 Bxb4 25. Raa1) 23... Kh8 24. Re1 f5 25. Re2 ({White should try} 25. Nb4 $15) 25... Qd6 26. Nb4 Bxb4 27. axb4 (27. Rxb4 $17 {was the crucial defense.} Rxa3 28. Reb2) 27... Ra1+ $19 28. Kg2 f4 $2 {[%emt 0:02:04] [#]} (28... Qh6 $1 $19 29. Qf4 g5 30. Qxd4 exd4 31. Rxe8+ Kg7 32. Rg8+ Kf6 33. Rxc8 Qh5 34. Rc6+ Ke7) 29. Qxf4 $16 Rf8 30. Qd2 ({Not} 30. Qxe5 $2 Qh6 31. Be6 (31. Re1 {is a self mate.} Bh3+ 32. Kh1 Qc1) 31... Qc1 $19) ({Resist} 30. Qh4 Bf5 $14) (30. Qg5 $1 $16) 30... Bg4 ({Better is} 30... Be6 $14 31. Bxe6 Qxe6) 31. Re1 $18 Rxe1 32. Qxe1 Qf6 33. Kg1 Bf3 {[%emt 0:00:00] [#]} 34. Rb2 $1 h5 (34... Qf5 $142 35. Bxf3 Qxf3) 35. Bxf3 Qxf3 {[%emt 0:00:00][%mdl 4096] Endgame KQR-KQR} 36. Qe2 Qf5 37. h4 Re8 38. Kg2 e4 {[%emt 0:01:31] [#]} 39. dxe4 Rxe4 40. Qf3 Qg6 41. Rd2 Rxh4 42. Qd5 {[%emt 0:00:13] And now Qd8+ would win.} Rg4 $2 (42... Qe4+ 43. Qxe4 Rxe4) 43. Rxd4 Rg5 44. Qd6 Qxd6 $2 (44... Kg8 45. c5 bxc5 46. bxc5 Qf6 47. Qb8+ Kh7 48. Qb1+ Kh8) 45. Rxd6 {[%emt 0:00:07] KR-KR} Rg4 46. f4 {[%emt 0:03:00] aiming for Kf3.} h4 47. Kh3 Rxg3+ 48. Kxh4 Rc3 49. Rc6 Kg8 50. Kg5 Kf7 51. b5 Ke7 52. Kg6 Rg3+ 53. Kf5 Rc3 54. Ke5 Rc1 55. Kd4 Rd1+ 56. Kc3 Rc1+ 57. Kd2 Rf1 58. Rxb6 Rxf4 59. Kc3 g5 60. Rg6 Rg4 61. b6 {[%emt 0:00:19][%cal Bb5b6,Bb6b7][%mdl 32] White mates.} Kd7 62. c5 Rg1 63. c6+ Kd8 64. Rg8+ Ke7 65. b7 {[%emt 0:00:08] Weighted Error Value: White=0.30/Black=0.59} 1-0

[Event "Cattolica Chess Festival 2022"]
[Site "Cattolica"]
[Date "2022.06.04"]
[Round "1.3"]
[White "Bernabei, Alberto"]
[Black "Basso, Pier Luigi"]
[Result "0-1"]
[ECO "B40"]
[WhiteElo "1874"]
[BlackElo "2570"]
[Annotator "TA"]
[PlyCount "78"]
[EventDate "2022.06.04"]
[EventCountry "ITA"]
[SourceTitle "playchess.com"]
[Source "ChessBase"]
[SourceQuality "1"]
[TimeControl "5400+30"]

1. e4 c5 2. Nf3 e6 3. c3 d5 4. Bb5+ Bd7 5. Bxd7+ Qxd7 6. exd5 {[%emt 0:02:00] B40: Sicilian: 2...e6, Unusual lines.} Qxd5 7. d4 Nc6 8. O-O {[%emt 0:03:58] The position is equal.} Nf6 9. Be3 {[%emt 0:04:24] [#]} c4 $146 (9... cxd4 $11 10. Nxd4 Rd8) ({Predecessor:} 9... Rd8 10. Nbd2 Be7 11. c4 Qh5 12. dxc5 Bxc5 13. Qb3 Bxe3 14. Qxe3 Ng4 15. Qc3 O-O {½-½ (58) Nurcahyo,D (1640)-Trigance,E (1716) FICGS email 2019}) 10. Nbd2 Rc8 11. b3 cxb3 12. c4 (12. Nxb3 Bd6 $11) 12... Qd7 13. axb3 (13. Ne5 $5 Qd8 14. Nxc6 (14. Qxb3 Bd6 $14) (14. axb3 a6 $14) (14. Nxb3 Bd6 $11) 14... Rxc6 15. axb3 $14) 13... Bd6 {[%emt 0:04:28] Inhibits Ne5.} 14. Ne5 (14. Qb1 $14 {feels stronger.}) 14... Qc7 (14... Nxe5 $11 15. dxe5 Bxe5) 15. Nxc6 $14 bxc6 16. Nf3 O-O 17. Ne5 c5 {[%emt 0:01:20] White must now prevent ...cxd4.} 18. Nf3 Rfd8 19. Qe2 Rb8 (19... Ng4 {seems wilder.} 20. Bg5 Bxh2+ 21. Kh1 Rd7) 20. dxc5 Bxc5 21. Bxc5 Qxc5 22. Rfd1 Rxd1+ 23. Rxd1 h6 24. Ne5 g6 (24... Rxb3 $11 25. Rd8+ Kh7 26. Qc2+ Ne4) 25. Nxg6 $2 fxg6 $17 26. Qxe6+ Kg7 27. Rd6 {[%emt 0:01:04] [#]} Rf8 28. Rc6 {[%emt 0:00:39] [#]} ({Don't go for} 28. Qe7+ $2 Rf7 29. Qe6 Qa3 $19) 28... Qa5 (28... Qa3 $142 $1 {[%cal Ra3c1] ( -> ...Qc1+)} 29. Rc7+ Kh8) 29. Ra6 ({Wrong is} 29. Qe7+ $2 Rf7 30. Qe2 Qa1+ 31. Qf1 Qc3 $19) 29... Qc7 30. Rc6 (30. h3 $17) 30... Qd8 $19 31. Qd6 {[%emt 0:00:00] Prevents Qd1+.} Qxd6 32. Rxd6 {[%emt 0:00:00][%mdl 4096] Endgame KRN-KR} Rb8 33. Ra6 Rb7 34. c5 Nd5 35. Kf1 Nb4 ({Not} 35... Rxb3 $2 36. Rxa7+ Kf6 37. g3) 36. Ra4 Kf6 37. Ke2 Ke5 38. Kd2 Kd5 39. Ra5 Nc6 {[%emt 0:00:00][%csl LRa5,LRb3] Weighted Error Value: White=0.31/Black=0.16 (very precise)} 0-1

[Event "Cattolica Chess Festival 2022"]
[Site "Cattolica"]
[Date "2022.06.04"]
[Round "1.4"]
[White "Brunello, Sabino"]
[Black "Lohvinov, Petro"]
[Result "1-0"]
[ECO "E15"]
[WhiteElo "2521"]
[BlackElo "2232"]
[Annotator "TA"]
[PlyCount "87"]
[EventDate "2022.06.04"]
[EventCountry "ITA"]
[SourceTitle "playchess.com"]
[Source "ChessBase"]
[SourceQuality "1"]
[TimeControl "5400+30"]

1. d4 Nf6 2. Nf3 e6 3. c4 b6 4. g3 Ba6 5. b3 Bb4+ 6. Bd2 Be7 7. Bg2 c6 8. Bc3 d5 9. Nbd2 O-O 10. O-O Nbd7 11. Re1 Rc8 12. e4 dxe4 13. Nxe4 {[%emt 0:01:12] E15: Queen's Indian: 4 g3 sidelines, 4 g3 Ba6 and 4 g3 Bb7 early deviations.} Bb7 14. Qc2 c5 15. Nxf6+ {[%emt 0:00:51] White is slightly better.} Bxf6 {[%emt 0:02:42] [#]} 16. Ng5 Bxg5 17. Bxb7 {[%emt 0:00:35] [#]} cxd4 $146 ({Predecessor:} 17... Rc7 18. Be4 h6 19. dxc5 Nxc5 20. Rad1 Rd7 21. Rxd7 Qxd7 22. h4 Be7 23. Rd1 Qc7 {1-0 (59) Henderikse,B (2058)-Henrichsen,J (1925) Caleta 2011}) 18. Bxd4 Rc7 19. Be4 {[%emt 0:00:12] A strong pair of Bishops.} h6 20. Rad1 Qe7 21. Qe2 Bf6 22. Be3 Bg5 23. f4 Bf6 24. Kg2 $36 {[%emt 0:01:53][%mdl 2048] White is pushing.} Nc5 25. Bf3 Rd8 26. h4 Rcd7 27. Rxd7 Qxd7 28. b4 Nb7 {[%emt 0:00:34] A mistake that costs the game.} (28... Na6 $1 $11) 29. c5 $18 bxc5 30. bxc5 {[%emt 0:00:01] [#] Black must now prevent c6.} Qc7 (30... Na5 $142 31. Rc1 Nc6) 31. Qb5 Na5 32. Re2 Rb8 33. Qa6 Rc8 34. c6 e5 (34... Rd8 $142 35. Bd2 (35. Bxa7 Ra8 $11) 35... Nxc6) 35. fxe5 {[%emt 0:03:02] White is clearly winning.} Bxe5 36. Bf2 {[%emt 0:00:12][%cal Oe2e5] Rxe5! is the strong threat.} ({Not} 36. Bd2 Nxc6 37. Bxc6 (37. Qxc6 Qxc6 38. Bxc6 Bxg3 $18) 37... Qxc6+ 38. Qxc6 Rxc6 $18) 36... Bf6 37. Rd2 {[%emt 0:02:00] aiming for Rd7.} Rd8 {[%emt 0:00:30] Inhibits Rd7.} 38. Qxa7 Qxa7 39. Rxd8+ Bxd8 40. Bxa7 {[%emt 0:00:05] KBB-KBN} Bc7 41. Bd5 Kf8 42. Bc5+ Ke8 43. h5 g6 44. g4 {[%emt 0:00:00] Weighted Error Value: White=0.06 (flawless) /Black=0.37} 1-0

[Event "Cattolica Chess Festival 2022"]
[Site "Cattolica"]
[Date "2022.06.04"]
[Round "1.5"]
[White "Harshita Guddanti"]
[Black "Korneev, Oleg"]
[Result "1/2-1/2"]
[ECO "B77"]
[WhiteElo "2208"]
[BlackElo "2521"]
[Annotator "TA"]
[PlyCount "117"]
[EventDate "2022.06.04"]
[EventCountry "ITA"]
[SourceTitle "playchess.com"]
[Source "ChessBase"]
[SourceQuality "1"]
[TimeControl "5400+30"]

1. e4 c5 2. Nf3 Nc6 3. d4 cxd4 4. Nxd4 g6 5. Nc3 Bg7 6. Be3 Nf6 7. Bc4 O-O 8. Bb3 d6 9. f3 Bd7 10. Qd2 Nxd4 11. Bxd4 b5 12. Nd5 Nxd5 13. Bxd5 {[%emt 0:02:25] B77: Sicilian Dragon: Yugoslav Attack, 9 Bc4 sidelines.} Rc8 14. Bxg7 Kxg7 15. Qd4+ f6 {[%emt 0:24:09] [#]} 16. c3 $146 ({Predecessor:} 16. O-O-O Qb6 17. Qxb6 axb6 18. Rhe1 Rc5 19. Re3 Rfc8 20. Rd2 Be8 21. Ra3 Bf7 22. Ra6 {1-0 (51) Jasny,S (2340)-Mrna,V (2150) Piestany 2004}) 16... Qc7 17. O-O Qc5 18. Rfd1 a5 19. Qxc5 Rxc5 20. a3 h5 21. h4 f5 22. b4 axb4 23. axb4 Rc7 24. Ra3 Kf6 25. Kf2 Rfc8 26. Rd3 fxe4 27. Bxe4 Bf5 28. Ke3 e6 29. Bxf5 gxf5 $11 {[%emt 0:00:07][%mdl 4096] Endgame KRR-KRR} 30. Ra5 ({Of course not} 30. Rxd6 Rxc3+ 31. Rd3 Rxa3 32. Rxa3 Rc4 $17) 30... Rxc3 31. Rxb5 f4+ 32. Ke2 Rc2+ 33. Rd2 $1 Rxd2+ 34. Kxd2 {[%emt 0:00:00] KR-KR. The position is equal.} Rc4 35. Kd3 d5 36. Rb8 Ke5 37. b5 Rb4 38. b6 Kd6 39. b7 Rb3+ 40. Kc2 Rb6 41. Kd3 Kc7 42. Rf8 Rxb7 43. Rxf4 Kd6 44. g4 Ke5 45. Ra4 Rb3+ 46. Ke2 $1 hxg4 47. Rxg4 Rb1 48. Ke3 Rh1 49. Rg5+ Kf6 50. Rh5 e5 51. Rh6+ Kf7 52. h5 d4+ 53. Ke4 Re1+ 54. Kf5 Ke7 {[%emt 0:00:09] [#] White must now prevent ...d3.} 55. Rh7+ Kd6 {[%emt 0:00:16] aiming for ...d3.} 56. Rh8 Kd7 {[%emt 0:02:44] Threatens to win with ...d3.} 57. Rh7+ Kc6 {[%emt 0:00:10] Hoping for ...d3.} 58. Rh8 {[%emt 0:00:21] [#] Strongly threatening h6.} ({Wrong is} 58. h6 $2 d3 59. Rh8 d2 $19) 58... Kd7 {[%emt 0:02:25] ...d3 is the strong threat.} 59. Rh7+ {[%emt 0:03:11] Weighted Error Value: White=0.02 (flawless) /Black=0.02 (flawless)} 1/2-1/2

[Event "Cattolica Chess Festival 2022"]
[Site "Cattolica"]
[Date "2022.06.04"]
[Round "1.6"]
[White "Rahul Srivatshav P"]
[Black "Ojas Kulkarni"]
[Result "1/2-1/2"]
[ECO "D85"]
[WhiteElo "2458"]
[BlackElo "2235"]
[Annotator "TA"]
[PlyCount "46"]
[EventDate "2022.06.04"]
[EventCountry "ITA"]
[SourceTitle "playchess.com"]
[Source "ChessBase"]
[SourceQuality "1"]
[TimeControl "5400+30"]

1. d4 {[%emt 0:30:03] Yermolinsky,Alex} Nf6 2. c4 g6 3. Nc3 d5 4. cxd5 Nxd5 5. e4 Nxc3 6. bxc3 Bg7 7. Nf3 $1 {[%emt 0:00:03][%mdl 4] is more profitable than 7.Bc4 at the moment.} c5 8. Be3 Bg4 9. Rc1 {[%emt 0:00:08] D85: Exchange Grünfeld: Unusual White 7th moves and lines with 7 Nf3.} Bxf3 10. gxf3 Qa5 {[%emt 1:04:38] Inhibits Qa4+.} 11. Qb3 {[%emt 0:06:24] White is slightly better.} O-O {[%emt 0:00:00] [#] ...cxd4 is the strong threat.} 12. dxc5 $146 ({Predecessor:} 12. Qb5 Qxb5 13. Bxb5 a6 14. Be2 Nd7 15. f4 e6 16. e5 Rac8 17. O-O Rc7 18. Rfd1 Nb6 19. Bf3 Nc4 20. dxc5 g5 21. c6 Nxe3 22. fxe3 bxc6 {½-½ (22) Yermolinsky,A (2510)-Wei,Y (2604) Las Vegas 2013 EXT 2015 [Yermolinsky,Alex ]}) 12... Na6 {[%emt 0:00:00] The position is equal.} 13. Be2 ({But not} 13. Qxb7 $2 Bxc3+ 14. Rxc3 (14. Ke2 $2 Qxa2+ 15. Kd3 Be5 $19) 14... Qxc3+ 15. Bd2 Qxf3 16. Qxa6 Qxe4+ 17. Qe2 Qxh1 $19) 13... Rac8 14. Qxb7 Nxc5 15. Qb5 Bxc3+ 16. Kf1 {[%emt 0:00:02][%cal Be1f1,Bf1g2,Bg2g3][%mdl 32] [#] Hoping for Qxa5.} Ne6 17. Qxa5 Bxa5 18. Kg2 Bb6 19. Bc4 Rfd8 20. Bxe6 fxe6 21. Kg3 Bxe3 22. fxe3 Kf7 23. a4 Kf6 {[%emt 0:00:00] Weighted Error Value: White=0.04 (flawless) /Black=0.07 (flawless)} 1/2-1/2

[Event "Cattolica Chess Festival 2022"]
[Site "Cattolica"]
[Date "2022.06.04"]
[Round "1.7"]
[White "Tytynnik, Artem"]
[Black "Milikow, Yoav"]
[Result "0-1"]
[ECO "E11"]
[WhiteElo "2205"]
[BlackElo "2410"]
[Annotator "TA"]
[PlyCount "92"]
[EventDate "2022.06.04"]
[EventCountry "ITA"]
[SourceTitle "playchess.com"]
[Source "ChessBase"]
[SourceQuality "1"]
[TimeControl "5400+30"]

1. d4 Nf6 2. c4 e6 3. g3 Bb4+ 4. Bd2 a5 5. Bg2 d5 6. Qc2 O-O 7. Nf3 c5 {[%emt 0:00:42] E11: Bogo-Indian.} 8. dxc5 (8. cxd5 {is more complex.} cxd4 9. Nxd4 Qb6 10. e3) 8... d4 9. Bxb4 axb4 {[%emt 0:00:03] White has an edge.} 10. Ne5 {[%emt 0:02:16] Prevents Nc6.} Qc7 11. Nd3 Na6 12. O-O e5 13. Nd2 Bf5 14. Nb3 Nd7 {[%emt 0:05:57] [#]} 15. Qd2 $146 ({Predecessor:} 15. c6 bxc6 16. c5 Nf6 17. Qd2 Be4 18. Bxe4 Nxe4 19. Qc2 Qe7 20. Qc4 Nf6 21. Nxb4 Nxb4 22. Qxb4 {0-1 (51) Romanishin,O (2415)-Erigaisi,A (2675) Ciutadella de Menorca 2022}) 15... Bxd3 16. exd3 Rab8 (16... Naxc5 $11 {might be stronger.} 17. Bd5 Ra7) 17. f4 Naxc5 18. fxe5 (18. Nxc5 $16 Qxc5 19. a3) 18... Nxe5 $11 19. Nxc5 (19. Bd5 {is interesting.} Ncxd3 20. Rad1 b5 21. cxb5 Rxb5 22. Bg2) 19... Qxc5 20. a3 b3 21. Rf4 b5 22. cxb5 Qxb5 (22... Rxb5 $11 23. Rc1 Qb6) 23. Rxd4 (23. a4 $1 $16 Qa6 24. Rxd4) 23... Qb6 24. Qf2 Rfc8 {[%emt 0:00:33] And now ...Rc2 would win.} 25. Rd5 (25. Rf4 $11 {keeps the balance.}) 25... Qxf2+ $17 26. Kxf2 Rc2+ 27. Kg1 Ng4 {[%emt 0:03:33] Black is much more active.} 28. Re1 {[%emt 0:04:00] Prevents Ne3.} (28. Bf3 $17 Nxh2 29. Be4) 28... Nf6 $1 $19 ({Not} 28... Rxb2 29. Rb5 Rd8 30. Rd5 $11) 29. Rf5 Rxb2 30. Rf2 Ra2 31. Rb1 {[%emt 0:00:20] [#] Rxa2 is the strong threat.} Rxa3 (31... b2 $1 $19 {aiming for ...Ra1.} 32. d4 Ra1) 32. Rfb2 g5 33. d4 Rb6 34. Kf1 {[%emt 0:01:41] [#]} ({White should try} 34. Bf3 $15) 34... Ng4 $1 $17 {[%emt 0:01:27] Threatens to win with ...Ne3+.} 35. Ke2 {[%emt 0:00:00] Prevents Ne3.} Re6+ (35... Nxh2 36. Kd3 $17) 36. Kd3 (36. Kd2 $17) 36... Re3+ $19 ({Weaker is} 36... Nxh2 37. Bd5 Rd6 38. Rxb3 $15) 37. Kc4 Ra4+ (37... Nxh2 38. Bc6 Ng4 39. Kb4 $17 (39. Rxb3 $2 Rxg3 40. Rxg3 Rxg3 $19)) 38. Kc5 Rc3+ ({And not} 38... Nxh2 39. Rxb3 Ra5+ 40. Kb4 Rxb3+ 41. Rxb3 $15) 39. Kb5 Rxd4 40. Bh3 Ne5 41. Rxb3 Rd5+ 42. Kb4 $2 (42. Kb6 Rc2 43. R1b2) 42... Rc2 {[%emt 0:00:00] ( -> ...Nc6+)} 43. Re3 $2 (43. Rc3 Rxh2 44. Bf5) 43... Rc4+ (43... Nc6+ $142 44. Kb3 Nd4+ 45. Ka4 Rc4+ 46. Rb4 Rxb4+ 47. Kxb4 Nc2+ 48. Kb3 Nxe3) 44. Ka3 Ra5+ 45. Kb2 Rb5+ 46. Rb3 Nd3+ $1 {[%emt 0:00:00] Weighted Error Value: White=0.56/Black=0.24 (precise)} 0-1

[Event "Cattolica Chess Festival 2022"]
[Site "Cattolica"]
[Date "2022.06.04"]
[Round "1.8"]
[White "Kjartansson, Gudmundur"]
[Black "Andreev, Konstantin"]
[Result "1-0"]
[ECO "B30"]
[WhiteElo "2452"]
[BlackElo "2238"]
[Annotator "TA"]
[PlyCount "89"]
[EventDate "2022.06.04"]
[EventCountry "ITA"]
[SourceTitle "playchess.com"]
[Source "ChessBase"]
[SourceQuality "1"]
[TimeControl "5400+30"]

1. e4 c5 2. Nf3 Nc6 3. Bb5 e6 4. O-O Nge7 5. d4 cxd4 6. Nxd4 Qb6 {[%emt 0:00:05] 6...Ng6 injects fresh life into this line.} 7. Nxc6 {[%emt 0:00:52] B30: Sicilian: 2...Nc6 3 Bb5, lines without ...g6.} Nxc6 8. a4 Be7 {[%emt 0:00:32] [#]} 9. Na3 $146 {[%emt 0:01:41] White is slightly better.} ({Predecessor:} 9. Be3 Qc7 10. Nc3 O-O 11. f4 d6 12. Bd3 a6 13. Qf3 Bd7 14. Qg3 Kh8 15. Rae1 Rae8 16. Kh1 Nb4 17. Bd4 {½-½ (17) Rozentalis,E (2618)-Zambrana,O (2504) Asuncion 2010}) 9... Qc7 10. Be3 O-O 11. Qh5 b6 12. f4 (12. Be2 $5 ) 12... Bb7 13. Rf3 {[%emt 0:05:02] Rh3 is the strong threat.} g6 14. Qh6 f6 15. Rh3 Rf7 16. Bc4 {[%emt 0:07:26] [#]} ({Better is} 16. Rg3 $15) 16... Bf8 ({Black should try} 16... Ne5 $1 $19 17. fxe5 (17. Be2 Bxa3) 17... Bxa3) 17. Qh4 $1 $15 Re8 (17... Ne7 $17 18. Bd3 Qc6) 18. Nb5 $11 Qb8 19. Rd1 a6 (19... Nb4 $11) 20. Nc3 $16 {[%emt 0:15:40][%cal Oc3d5] 0x0.001aa0dbac50dp-1022s more active pieces.} Nb4 {[%emt 0:07:16] Against Nd5} (20... Na5 $16 21. Be2 Qc7) 21. f5 $18 {[%emt 0:00:00] Hoping for fxg6.} (21. Bxb6 Bxe4 22. Nxe4 Qxb6+ 23. Kf1 Be7 $11) 21... g5 22. Qf2 Qc8 23. Bb3 b5 (23... Bc5 $16 24. Rh6 Kg7) 24. axb5 axb5 25. e5 (25. Nxb5 Bxe4 26. Nd4 (26. fxe6 dxe6 27. Nc3 Bf5 $11) 26... Nd5 $11) (25. Rf3 $18 {and White stays clearly on top. Threatens to win with fxe6.} Nc6 26. fxe6 (26. Nxb5 Ne5 $14) 26... dxe6 27. Rxf6 (27. Nxb5 Ne5 $16)) 25... fxe5 $16 {[%emt 0:02:14] [#]} 26. fxe6 $1 dxe6 (26... Rxf2 $2 27. exd7+ Rf7 28. dxc8=N Bxc8 29. Bxf7+ (29. Bxg5 Bxh3 30. gxh3 Kg7 $16) 29... Kxf7 30. Rxh7+ Kg6 31. Rc7 $18) 27. Qe2 Qc6 {[%emt 0:03:18] [#]} (27... Rg7 $142) 28. Rg3 $1 h6 {[%emt 0:02:58] Black cannot hold the game after this.} (28... Kh8 $16) 29. h4 $18 Be7 $2 (29... g4 30. Rxg4+ Kh7) 30. hxg5 hxg5 31. Qg4 Bc8 32. Bxg5 Rg7 33. Bxe7 (33. Qh4 $142 {And now Bxe7 would win.} Qc5+ 34. Kh2 Bxg5 35. Rxg5) 33... Qb6+ 34. Kh2 Rxg4 35. Rxg4+ $40 {[%emt 0:00:00][%mdl 128] White attacks with force.} Kf7 36. Bh4 {[%emt 0:01:27] White wants to mate with Rf1+. Really sharp! A strong pair of Bishops.} (36. Rxb4 Rxe7 37. Rd3 Bb7 $17) ({But not} 36. Bxb4 $2 Rh8+ 37. Rh4 Rxh4+ $19) 36... Rh8 {[%emt 0:00:00][%cal Ob6f2] Strongly threatening ...Qf2!} 37. Rf1+ ({Weaker is} 37. Rxb4 Qf2 38. Kh3 Qe3+ 39. Kh2 Qf2 $11) 37... Ke8 38. Rxb4 Bb7 $2 (38... Qd8 {is tougher.}) 39. Rf6 Qe3 (39... Qd8 $142 40. Rxe6+ Kd7) 40. Rxe6+ {[%emt 0:01:18] White is clearly winning.} Kd7 41. Re7+ Kc8 42. Bd5 Qc5 43. Bxb7+ Kb8 44. Nd5 Qf2 {[%emt 0:00:00] [#]} 45. Re8+ $3 {[%emt 0:00:19] Weighted Error Value: White=0.29 (precise) /Black=0.57} 1-0